 Dungeon Crawl Stone Soup version 0.25.1-2-g60ff931df9 (webtiles) character file.

Game seed: 3140591006269636118

59 barcode the Gusty (level 3, -3/26 HPs)
             Began as a Minotaur Air Elementalist on Oct 6, 2020.
             Slain by a gnoll
             ... wielding a +0 spear
              (4 damage)
             ... on level 2 of the Dungeon.
             The game lasted 00:02:55 (2046 turns).

barcode the Gusty (Minotaur Air Elementalist)       Turns: 2046, Time: 00:02:56

Health: -3/26      AC:  2    Str: 12    XL:     3   Next: 78%
Magic:  0/5        EV: 12    Int: 13    God:
Gold:   114        SH:  0    Dex: 10    Spells: 5/6 levels left

rFire    . . .     SeeInvis .   (no weapon)
rCold    . . .     Gourm    .   (no shield)
rNeg     . . .     Faith    .   a - +0 robe
rPois    +         Spirit   .   (helmet restricted)
rElec    .         Reflect  .   (no cloak)
rCorr    .         Harm     .   (no gloves)
MR       .....                  (no boots)
Stlth    ++........             (no amulet)
HPRegen  0.08/turn              l - ring of poison resistance
MPRegen  0.09/turn              (no ring)

@: no status effects
A: retaliatory headbutt, horns 2
a: no special abilities


You were on level 2 of the Dungeon.
You were not hungry.

You visited 1 branch of the dungeon, and saw 2 of its levels.

You collected 114 gold pieces.

Inventory:

Missiles
 m - a poisoned dart (quivered)
Armour
 a - a +0 robe (worn)
Jewellery
 l - a ring of poison resistance (left hand)
Scrolls
 b - a scroll of identify {unknown}
 e - a scroll of remove curse {unknown}
 f - a scroll of blinking {unknown}
 g - a scroll of teleportation {unknown}
 h - a scroll of enchant weapon {unknown}
 i - a scroll of magic mapping {unknown}
Potions
 d - a potion of curing {unknown}
 k - a potion of heal wounds {unknown}
Comestibles
 c - 2 rations
 j - a chunk of flesh


   Skills:
 - Level 2.1 Dodging
 - Level 1.5 Stealth
 + Level 2.0 Spellcasting
 + Level 1.5 Conjurations
 + Level 2.6 Air Magic


You had 5 spell levels left.
You knew the following spells:

 Your Spells              Type           Power        Failure   Level  Hunger
a - Shock                 Conj/Air       #...         11%         1    ##.....

Your spell library contained the following spells:

 Spells                   Type           Power        Failure   Level  Hunger
 Swiftness                Chrm/Air       #.......     22%         2    ###....
 Static Discharge         Conj/Air       #.......     32%         3    ####...
 Airstrike                Air            #.........   63%         4    #####..
 Lightning Bolt           Conj/Air       #.........   96%         5    ######.


Dungeon Overview and Level Annotations

Branches:
Dungeon (2/15)

Altars:


Innate Abilities, Weirdness & Mutations

You reflexively headbutt those who attack you in melee.
You have a pair of horns on your head.


Message History

The gnoll is poisoned.
The gnoll is severely wounded.
The gnoll misses you.
The gnoll looks more healthy.
The gnoll hits you with a +0 spear.
You hit the gnoll but do no damage. Your headbutt misses the gnoll.
The gnoll is almost dead.
The gnoll hits you with a +0 spear.
* * * LOW HITPOINT WARNING * * *
You barely miss the gnoll.
The gnoll is almost dead.
The gnoll hits you with a +0 spear!
* * * LOW HITPOINT WARNING * * *
Casting: Shock (safe; 11% risk of failure)
Confirm with . or Enter, or press ? or * to list all spells.
Aiming: Shock (safe; 11% risk of failure)
Press: ? - help, Shift-Dir - straight line, f/p - gnoll
Aim: a gnoll, wielding a +0 spear (almost dead)
The zap misses the gnoll.
The gnoll hits you with a +0 spear.
You die...

...........................
#..#########........######
..## ##..#.#### ...
###..##<# .###
#.#####...###.# ...#
#..)....### #.# #..#
##..##### #.# .
#..##...#### ### ..
#.......g@### ..
##..<.###...# #. ##(##.#
##### #..###..##.#
#......###.# #.###.)## #.#
#(.# #.. ()..# ### ..(#..#


You could see a gnoll.

Vanquished Creatures
  3 gnolls
  A ball python (D:1)
  A giant cockroach (D:2)
  4 goblins (D:1)
  2 hobgoblins (D:1)
  6 jackals (D:1)
  3 kobolds (D:1)
  2 bats
  6 rats (D:1)
28 creatures vanquished.

Notes
Turn   | Place    | Note
-------+----------+-------------------------------------------
     0 | D:1      | barcode the Minotaur Air Elementalist began the quest for
                  | the Orb.
     0 | D:1      | Reached XP level 1. HP: 14/14 MP: 1/1
   330 | D:1      | Reached skill level 1 in Conjurations
   330 | D:1      | Reached XP level 2. HP: 14/20 MP: 0/3
  1386 | D:1      | Reached XP level 3. HP: 26/26 MP: 0/4
  2045 | D:2      | HP: 1/26 [gnoll/+0 spear (7)]
  2046 | D:2      | Slain by a gnoll

Illustrated notes

Levels and vault maps discovered:
D:1:      psy_arrival_radial02, layout_basic, minmay_rat_gold_closets
D:2:      layout_rooms, grunt_gozag_statues, evilmike_ruin_ashenzari,
          serial_curves, eino_curves_02, eino_curves_04, first_ration,
          kennysheep_nub

Skill      XL: |  1  2  3 |
---------------+----------+-----
Conjurations   | 1 |  1.5
Spellcasting   | 2 |  2.0
Dodging        | |  2.1
Stealth        | |  1.5
Air Magic      | |  2.6

Action                   || total
-------------------------++-------
Melee: Unarmed           ||    50
       Headbutt          ||     6
Throw: Dart              ||     9
 Cast: Shock             ||    47
  Eat: Chunk             ||     5
Armor: Robe              ||     7
Dodge: Dodged            ||    38
